 Dungeon Crawl Stone Soup version 0.18-a0-844-g9229740 (webtiles) character file.

17540 Raultor the Basher (level 12, -7/145 HPs)
             Began as a Demonspawn Fighter on Dec 19, 2015.
             Was a High Priest of Makhleb.
             Mangled by a spiny frog (14 damage)
             ... on level 2 of the Lair of Beasts.
             The game lasted 00:45:13 (10417 turns).

Raultor the Basher (Demonspawn Fighter)            Turns: 10417, Time: 00:45:13

Health: -7/145     AC: 26    Str: 22    XL:     12   Next: 19%
Magic:  17/17      EV:  2    Int: 12    God:    Makhleb [*****.]
Gold:   230        SH: 12    Dex: 14    Spells: 1 memorised, 5 levels left

rFire  . . .     SeeInvis .     N - +2 morningstar
rCold  + . .     Gourm    .     (armour currently unavailable)
rNeg   + + +     Faith    .     c - +0 shield
rPois  +         Spirit   .     (helmet currently unavailable)
rElec  .         Dismiss  .     (cloak currently unavailable)
rCorr  .         Reflect  .     (gloves currently unavailable)
SustAt .         Harm     .     (boots currently unavailable)
MR     .....     NoTele   +     s - amulet of regeneration {+regen, !d}
Stlth  ++........               X - ring of protection from cold {rC+, !d}
                                r - +4 ring of strength

@: tree-form, vulnerable, not resistant to hostile enchantments, unstealthy
A: (antennae 0), (icy blue scales 0), (cold resistance 0), (spiny 0), freezing
cloud immunity
a: Minor Destruction, Lesser Servant of Makhleb, Major Destruction, Greater
Servant of Makhleb, Renounce Religion


You were on level 2 of the Lair of Beasts.
You worshipped Makhleb.
Makhleb was extremely pleased with you.
You were not hungry.
You were a tree.
You visited 3 branches of the dungeon, and saw 15 of its levels.

You collected 680 gold pieces.
You spent 450 gold pieces at shops.

Inventory:

Hand Weapons
 N - a +2 morningstar (weapon)
   (You took it off a wight on level 10 of the Dungeon)
Missiles
 V - a throwing net {=f, !d}
Armour
 c - a +0 shield (worn)
 n - a +0 pair of boots (melded)
   (You found it on level 2 of the Dungeon)
 t - a +0 cloak (melded)
   (You found it on level 3 of the Dungeon)
 z - a +0 pair of gloves (melded)
   (You found it on level 9 of the Dungeon)
 G - the +4 scale mail "Abry" {rCorr Str+3}
   (You bought it in a shop on level 10 of the Dungeon)

   It affects your strength (+3).
   It protects you from acid and corrosion.
 K - a +2 scale mail of poison resistance (melded)
   (You bought it in a shop on level 8 of the Dungeon)
 Z - a +2 hat (melded)
   (You took it off Gastronok on level 2 of the Lair of Beasts)
Jewellery
 r - a +4 ring of strength (left branch)
   (You found it on level 3 of the Dungeon)
 s - an amulet of regeneration (around neck) {+regen, !d}
   (You found it on level 3 of the Dungeon)
 R - an uncursed ring of ice {unknown}
   (You found it on level 1 of the Lair of Beasts)
 S - an uncursed ring of sustain attributes
   (You found it on level 11 of the Dungeon)
 W - an uncursed ring of teleportation {+/*tele, !d}
   (You found it on level 1 of the Lair of Beasts)
 X - a ring of protection from cold (right branch) {rC+, !d}
   (You found it on level 1 of the Lair of Beasts)
Wands
 b - a wand of slowing (21)
   (You found it on level 2 of the Lair of Beasts)
 e - a wand of disintegration (16)
   (You found it on level 9 of the Dungeon)
 E - a wand of confusion (23)
   (You found it on level 6 of the Dungeon)
 I - a wand of enslavement (6)
   (You found it on level 7 of the Dungeon)
 P - a wand of polymorph (7)
   (You found it on level 11 of the Dungeon)
Scrolls
 d - a scroll of blinking {unknown}
 h - 4 scrolls of noise {unknown}
 i - 2 scrolls of enchant weapon {unknown}
 j - 4 scrolls of immolation {unknown}
 k - 3 scrolls of amnesia {unknown}
 m - 3 scrolls of remove curse
 p - 2 scrolls of teleportation {unknown}
 x - a scroll of enchant armour {unknown}
 M - 2 scrolls of identify
Potions
 g - 6 potions of curing
 l - a potion of resistance
 o - a potion of lignification {!q}
 q - a potion of flight
 v - 4 potions of agility
 w - a potion of magic
 C - 3 potions of mutation {unknown}
Books
 u - a book of Summonings
   (You found it on level 5 of the Dungeon)
 y - a book of Party Tricks
   (You found it on level 6 of the Dungeon)
 H - a book of Enchantments
   (You found it on level 7 of the Dungeon)
 Q - a book of Clouds
   (You found it on level 1 of the Lair of Beasts)
Miscellaneous
 O - a sack of spiders
   (You found it on level 10 of the Dungeon)
Comestibles
 f - 9 bread rations {@e1}
 A - 8 fruits
 B - 6 meat rations {@e2}
 L - a slice of pizza


   Skills:
 + Level 9.6 Fighting
 * Level 9.9 Maces & Flails
 + Level 8.5 Armour
 + Level 4.6 Dodging
 + Level 8.7 Shields
 + Level 7.3 Invocations


You had 5 spell levels left.
You knew the following spells:

 Your Spells              Type           Power        Failure   Level  Hunger
h - Haste                 Chrm           #.......     100%        6    #######


Dungeon Overview and Level Annotations

Branches:
Dungeon (11/15)            Temple (1/1) D:5            Lair (3/8) D:11
    Orc (0/2) D:9
  Swamp: Lair:3-6    Shoals: Lair:3-6     Snake: Lair:3-6    Spider: Lair:3-6

Altars:
Ashenzari
Cheibriados
Dithmenos
Elyvilon
Fedhas
Gozag
Kikubaaqudgha
Makhleb
Nemelex Xobeh
Okawaru
Pakellas
Qazlal
Ru
Sif Muna
Trog
Vehumet
Xom
Yredelemnul
Zin
The Shining One

Shops:
D:4 *   D:7 %   D:8 [   D:10 [


Innate Abilities, Weirdness & Mutations

((You have a pair of small antennae on your head.))
((You are partially covered in icy blue scales (AC +1).))
((Your flesh is cold resistant.))
((You are mostly covered in sharp spines.))
You are immune to freezing clouds.


Message History

The wolf bites you but does no damage. The giant frog hits you.
The wolf bites you but does no damage. You block the wolf's attack.
The spiny frog misses you. You block the spiny frog's attack.
You closely miss the wolf. You block the wolf's attack.
You block the wolf's attack. The wolf bites you but does no damage.
The giant frog hits you but does no damage.
You block the wolf's attack. The wolf bites you.
The spiny frog stings you but does no damage.
The wolf bites you but does no damage.
The spiny frog is struck by your spines.
The spiny frog stings you!
The giant frog is struck by your spines.
The giant frog hits you but does no damage.
The spiny frog closely misses you.
A river rat comes into view.
You take 13 damage, and have 58/96 hp.
You closely miss the spiny frog. You block the wolf's attack.
The wolf is struck by your spines. The wolf closely misses you.
You block the wolf's attack. You block the giant frog's attack.
The spiny frog stings you! You block the spiny frog's attack.
The spiny frog is struck by your spines.
The spiny frog barely misses you. You block the soldier ant's attack.
The wolf is struck by your spines. The wolf bites you but does no damage.
The wolf is struck by your spines. The wolf completely misses you.
The wolf is struck by your spines. The wolf barely misses you.
You take 14 damage, and have 44/96 hp.
You closely miss the wolf. You block the giant frog's attack.
The wolf bites you but does no damage. The wolf barely misses you.
The spiny frog is struck by your spines.
The spiny frog stings you! You block the spiny frog's attack.
The wolf is struck by your spines.
You kill the wolf!
Makhleb accepts your kill.
You feel better.
The spiny frog is struck by your spines.
The spiny frog stings you but does no damage.
The soldier ant is struck by your spines.
The soldier ant stings you. The giant frog closely misses you.
The wolf bites you. The wolf is struck by your spines.
You kill the wolf!
Makhleb accepts your kill.
You feel better.
The spiny frog is struck by your spines.
The spiny frog stings you!
* * * LOW HITPOINT WARNING * * *
The spiny frog is struck by your spines.
The spiny frog barely misses you.
A river rat comes into view.
You take 18 damage, and have 26/96 hp.
You block the worker ant's attack. You block the spiny frog's attack.
The giant frog hits you but does no damage.
The wolf bites you but does no damage. The soldier ant completely misses you.
The spiny frog stings you!
* * * LOW HITPOINT WARNING * * *
The spiny frog is struck by your spines.
The spiny frog stings you.
* * * LOW HITPOINT WARNING * * *
The worker ant closely misses you.
You climb upwards.
There is a stone staircase leading down here.
You take 13 damage, and have 13/96 hp.
Unknown command.
Read which item? (? for menu, Esc to quit)
As you read the scroll labeled POASIUHIYQUO, it crumbles to dust.
Magic quickly surges around you.
It was a scroll of vulnerability.
The wolf bites you but does no damage.
The giant frog is struck by your spines.
The giant frog hits you but does no damage.
The spiny frog is struck by your spines.
The spiny frog stings you.
* * * LOW HITPOINT WARNING * * *
The wolf bites you but does no damage.
The spiny frog is struck by your spines.
The spiny frog completely misses you. You block the giant frog's attack.
The spiny frog is struck by your spines.
You kill the spiny frog!
Makhleb accepts your kill. The spiny frog stings you.
* * * LOW HITPOINT WARNING * * *
You take 5 damage, and have 8/97 hp.
Read which item? (? for menu, Esc to quit)
Okay, then.
Drink which item? (? for menu, Esc to quit)
Really quaff
o - 2 potions of lignification {!q}?
You turn into a tree.
Your +0 cloak melds into your body.
Your +2 hat melds into your body.
Your +0 pair of gloves melds into your body.
Your +0 pair of boots melds into your body.
Your +2 scale mail of poison resistance melds into your body.
Your roots penetrate the ground.
The wolf bites you but does no damage.
The giant frog hits you but does no damage.
The spiny frog stings you but does no damage.
The spiny frog stings you!
* * * LOW HITPOINT WARNING * * *
The wolf bites you but does no damage.
You now have 6/145 hp.
Your shield prevents you from hitting the wolf.
The giant frog barely misses you. The wolf bites you but does no damage.
The spiny frog stings you!
You die...

.........#........<.....######...
..............#.........## #P...
..!.......#.P##..........# ##...
................).......######...
.................................
................a................
...............hF##########.##...
...............F♣# ####..(
...###.##.P#.#.aF# #...
.................# #.#.
..#..........#..^# #...
.................# #.P.
......#.......P..## #...
....8.###...PP...P# ##...
###...###.....P..## #..#.


You could see 2 spiny frogs, a soldier ant, a wolf, a giant frog and a worker
ant.

Vanquished Creatures
  A hydra (Lair:1)
  An ugly thing (D:11)
  7 spiny frogs
  3 komodo dragons
  A two-headed ogre (D:11)
  Prince Ribbit (D:9)
  Sigmund (D:4)
  A spriggan (D:9)
  A basilisk (Lair:2)
  14 yaks (Lair:1)
  3 hippogriffs
  A steam dragon (D:9)
  A mottled dragon (D:11)
  A hungry ghost (D:7)
  4 wolves (Lair:3)
  8 water moccasins
  4 sky beasts
  3 porcupines
  A black bear (D:8)
  2 phantoms
  5 ice beasts
  A necrophage (D:11)
  3 crocodiles
  5 orc warriors
  An ogre (D:5)
  A centaur (D:10)
  9 big kobolds (D:8)
  Blork the orc (D:6)
  11 giant frogs
  A water moccasin skeleton (D:9)
  3 scorpions
  6 killer bees (D:11)
  14 wights
  A crimson imp (D:8)
  An electric eel (Lair:2)
  A giant frog zombie (D:5)
  2 giant frog skeletons
  2 centaur skeletons
  7 hounds
  2 jellies
  A gnoll shaman (D:7)
  5 orc priests
  4 iguanas
  12 orc wizards
  7 sheep (Lair:1)
  6 worker ants
  A hound skeleton (D:11)
  2 worker ant zombies
  32 river rats
  9 adders
  16 gnolls
  A shadow imp (D:6)
  2 oozes
  2 adder skeletons
  An adder zombie (D:8)
  3 worms
  8 giant geckos
  32 orcs
  A ball python (D:7)
  10 bats
  5 giant cockroaches
  3 goblins
  9 hobgoblins
  17 jackals
  25 kobolds
  5 quokkas
  A giant gecko skeleton (D:4)
  6 giant newts
  7 rats
369 creatures vanquished.

Vanquished Creatures (collateral kills)
  Gastronok (Lair:2)
  A hydra (Lair:2)
  2 hill giants
  An electric eel (Lair:2)
  A river rat (Lair:2)
6 creatures vanquished.

Vanquished Creatures (others)
  2 river rats (Lair:2)
  A fungus (Lair:1)
  5 plants
8 creatures vanquished.

Grand Total: 383 creatures vanquished

Notes
Turn   | Place    | Note
--------------------------------------------------------------
     0 | D:1      | Raultor the Demonspawn Fighter began the quest for the Orb.
     0 | D:1      | Reached XP level 1. HP: 18/18 MP: 1/1
    80 | D:1      | Gained mutation: Your flesh is cold resistant. [demonic ancestry]
    80 | D:1      | Reached XP level 2. HP: 17/24 MP: 2/2
   298 | D:1      | Reached skill level 2 in Maces & Flails
   704 | D:1      | Reached skill level 3 in Shields
   985 | D:1      | Gained mutation: You are partially covered in sharp spines. [demonic ancestry]
   985 | D:1      | Reached XP level 3. HP: 29/29 MP: 3/3
  1169 | D:2      | Found a basalt altar of Yredelemnul.
  1173 | D:2      | Reached skill level 3 in Armour
  1399 | D:2      | Gained mutation: You are mostly covered in sharp spines. [demonic ancestry]
  1399 | D:2      | Reached XP level 4. HP: 35/35 MP: 4/4
  1641 | D:2      | Reached XP level 5. HP: 36/42 MP: 5/5
  2086 | D:3      | Reached skill level 4 in Fighting
  2204 | D:3      | Reached skill level 3 in Maces & Flails
  2778 | D:4      | Found Ciher's Elemental Accessories.
  2874 | D:4      | Gained mutation: You have a pair of small antennae on your head. [demonic ancestry]
  2874 | D:4      | Reached XP level 6. HP: 47/49 MP: 6/6
  2969 | D:4      | Found a stormy altar of Qazlal.
  2987 | D:4      | Noticed Sigmund
  3416 | D:4      | Killed Sigmund
  3416 | D:4      | Reached skill level 4 in Armour
  3416 | D:4      | Reached skill level 4 in Shields
  3463 | D:5      | Entered Level 5 of the Dungeon
  3472 | D:5      | Gained mutation: You are immune to freezing clouds. [demonic ancestry]
  3472 | D:5      | Reached XP level 7. HP: 45/55 MP: 7/7
  3492 | D:5      | Reached skill level 5 in Fighting
  3497 | D:5      | Found a sacrificial altar of Ru.
  3574 | D:5      | Found a glowing golden altar of the Shining One.
  3679 | D:5      | Found an ancient bone altar of Kikubaaqudgha.
  3681 | D:5      | Found a blossoming altar of Fedhas.
  3731 | D:5      | Reached skill level 4 in Maces & Flails
  3905 | D:5      | Gained mutation: You are partially covered in icy blue scales (AC +1). [demonic ancestry]
  3905 | D:5      | Reached XP level 8. HP: 48/64 MP: 8/8
  4002 | D:5      | Found a staircase to the Ecumenical Temple.
  4011 | Temple   | Entered the Ecumenical Temple
  4194 | D:6      | Found a deep blue altar of Sif Muna.
  4202 | D:6      | HP: 16/64 [orc warrior/short sword (17)]
  4206 | D:6      | HP: 7/64 [orc warrior/short sword (11)]
  4216 | D:5      | Reached skill level 5 in Armour
  4216 | D:5      | Reached skill level 5 in Shields
  4291 | D:6      | Reached skill level 6 in Fighting
  4323 | D:6      | Reached skill level 5 in Maces & Flails
  4517 | D:6      | Noticed Blork the orc
  4527 | D:6      | Killed Blork the orc
  4539 | D:6      | Found a burning altar of Makhleb.
  4545 | D:6      | Became a worshipper of Makhleb the Destroyer
  4905 | D:6      | Reached XP level 9. HP: 71/71 MP: 9/9
  4906 | D:6      | Reached skill level 6 in Shields
  4926 | D:7      | Reached skill level 6 in Armour
  4962 | D:7      | Reached * piety under Makhleb
  4975 | D:7      | Reached skill level 7 in Fighting
  5265 | D:7      | Found Parriobi's Food Shop.
  5280 | D:7      | Reached skill level 6 in Maces & Flails
  5462 | D:8      | Found Kopralue's Armour Emporium.
  5468 | D:8      | Bought a +2 scale mail of poison resistance for 216 gold pieces
  5796 | D:8      | Reached skill level 1 in Invocations
  5919 | D:8      | Reached skill level 2 in Invocations
  5922 | D:8      | Reached ** piety under Makhleb
  6027 | D:8      | Reached skill level 3 in Invocations
  6078 | D:8      | Found a deep blue altar of Sif Muna.
  6157 | D:9      | Identified Dofrikhe's Tome of Combat Magic
  6165 | D:9      | Learned a level 6 spell: Haste
  6264 | D:9      | Reached skill level 7 in Maces & Flails
  6264 | D:9      | Reached XP level 10. HP: 80/80 MP: 12/12
  6319 | D:9      | Found a staircase to the Orcish Mines.
  6402 | D:9      | Noticed Prince Ribbit
  6414 | D:9      | Killed Prince Ribbit
  6414 | D:9      | Reached skill level 1 in Dodging
  6478 | D:9      | Reached skill level 8 in Fighting
  6508 | D:9      | Reached *** piety under Makhleb
  6577 | D:9      | Reached skill level 7 in Armour
  6577 | D:9      | Reached skill level 7 in Shields
  6804 | D:9      | Noticed a hill giant
  6812 | D:9      | HP: 17/80 [hill giant/giant club (14)]
  6989 | D:10     | Entered Level 10 of the Dungeon
  7038 | D:10     | Found Xeuloh's Antique Armour Emporium.
  7062 | D:10     | Bought a twisted scale mail for 234 gold pieces
  7072 | D:10     | Identified the +4 scale mail "Abry" {rCorr Str+3} (You bought it in a shop on level 10 of the Dungeon)
  7108 | D:10     | Reached skill level 4 in Invocations
  7164 | D:10     | Noticed a hill giant
  7352 | D:10     | Killed a hill giant
  7352 | D:10     | Reached skill level 2 in Dodging
  7686 | D:11     | Reached **** piety under Makhleb
  7766 | D:11     | Got an agate-encrusted leather armour
  7779 | D:11     | Reached skill level 8 in Maces & Flails
  7908 | D:11     | Found a staircase to the Lair.
  8062 | D:11     | Reached skill level 5 in Invocations
  8080 | D:11     | Identified the +1 leather armour of Miracles {Str+3} (You found it on level 11 of the Dungeon)
  8104 | D:11     | Noticed a hill giant
  8114 | D:11     | Killed a hill giant
  8114 | D:11     | Reached XP level 11. HP: 60/87 MP: 14/14
  8263 | Lair:1   | Entered Level 1 of the Lair of Beasts
  8344 | Lair:1   | HP: 20/87 [komodo dragon (5)]
  8346 | Lair:1   | Reached skill level 3 in Dodging
  8528 | Lair:1   | Reached ***** piety under Makhleb
  8570 | Lair:1   | Reached skill level 9 in Maces & Flails
  8574 | Lair:1   | Reached skill level 8 in Shields
  8694 | Lair:1   | Reached skill level 6 in Invocations
  8849 | Lair:1   | Noticed an eight-headed hydra
  8854 | Lair:1   | Noticed a green death
  8919 | Lair:1   | Killed an eight-headed hydra
  8919 | Lair:1   | Reached skill level 9 in Fighting
  9158 | Lair:1   | Reached skill level 8 in Armour
  9418 | Lair:1   | Reached skill level 4 in Dodging
  9603 | Lair:2   | Noticed a five-headed hydra
  9616 | Lair:2   | Killed a five-headed hydra
  9913 | Lair:2   | Reached XP level 12. HP: 96/96 MP: 17/17
  9937 | Lair:2   | Noticed Gastronok
  9968 | Lair:2   | Killed Gastronok
  9968 | Lair:2   | Reached skill level 7 in Invocations
 10413 | Lair:3   | HP: 18/96 [spiny frog (9)]
 10415 | Lair:2   | HP: 8/97 [spiny frog (3)]
 10417 | Lair:2   | Mangled by a spiny frog

Vault maps used:
D:1:      lightli_arrival_lavapool
D:2:      overflow_temple_1_default, first_bread, serial_bayou_lake_a
D:4:      kennysheep_mini_moat, nicolae_elemental_shop, uniq_sigmund
D:5:      grunt_temple_overflow_growth_and_decay, grunt_temple_overflow_open,
          minmay_temple_entry_poolview
D:6:      old_standard_altar, basic_altar, kennysheep_generic_room_3,
          uniq_blork_the_orc
D:7:      serial_shops, nicolae_shop_scaring_up_business
D:8:      lemuel_blue_sif_altar, serial_shops, nicolae_shop_stone, special_room,
          nrook_mini_vaults
D:9:      orc_0_dummy, the_bakery, minmay_misc_feat_hallway,
          minmay_misc_feat_cross, st_stairs_12, serial_bayou_pond_d,
          uniq_prince_ribbit1
D:10:     serial_shops, nicolae_shop_trees, uniq_erica
D:11:     david_lair_shrubbed, lab_entry_generic
Temple:   jpeg_temple_clearing_12
Lair:1:   grunt_megastairs_4
Lair:2:   grunt_megastairs_5, serial_bayou_shore_a, uniq_gastronok
Lair:3:   minivault_23, minivault_29

Action                   |  1- 3 |  4- 6 |  7- 9 | 10-12 || total
-------------------------+-------+-------+-------+-------++-------
Melee: Flail             |    88 |   131 |   224 |   115 ||   558
       Morningstar       |       |       |    70 |   354 ||   424
Invok: Lesser Servant of |       |       |       |     5 ||     5
       Greater Servant o |       |       |       |     2 ||     2
Evoke: Wand              |       |       |       |     1 ||     1
  Use: Potion            |       |     1 |     2 |     4 ||     7
       Scroll            |       |       |     3 |     9 ||    12
 Stab: Distracted        |       |       |       |     1 ||     1
  Eat: Chunk             |     2 |     6 |    11 |     9 ||    28
       Beef jerky        |       |       |       |     1 ||     1
       Bread ration      |       |       |       |     1 ||     1

Vault maps used:
D:1:      lightli_arrival_lavapool
D:2:      overflow_temple_1_default, first_bread, serial_bayou_lake_a
D:4:      kennysheep_mini_moat, nicolae_elemental_shop, uniq_sigmund
D:5:      grunt_temple_overflow_growth_and_decay, grunt_temple_overflow_open,
          minmay_temple_entry_poolview
D:6:      old_standard_altar, basic_altar, kennysheep_generic_room_3,
          uniq_blork_the_orc
D:7:      serial_shops, nicolae_shop_scaring_up_business
D:8:      lemuel_blue_sif_altar, serial_shops, nicolae_shop_stone, special_room,
          nrook_mini_vaults
D:9:      orc_0_dummy, the_bakery, minmay_misc_feat_hallway,
          minmay_misc_feat_cross, st_stairs_12, serial_bayou_pond_d,
          uniq_prince_ribbit1
D:10:     serial_shops, nicolae_shop_trees, uniq_erica
D:11:     david_lair_shrubbed, lab_entry_generic
Temple:   jpeg_temple_clearing_12
Lair:1:   grunt_megastairs_4
Lair:2:   grunt_megastairs_5, serial_bayou_shore_a, uniq_gastronok
Lair:3:   minivault_23, minivault_29

Table legend:
 A = Turns spent in this place as a percentage of turns spent in the entire game.
 B = Non-inter-level travel turns spent in this place as a percentage of non-inter-level travel turns spent in the entire game.
 C = Inter-level travel turns spent in this place as a percentage of turns spent in this place.
 D = Turns resting spent in this place as a percentage of non-inter-level travel turns spent in this place.
 E = Turns spent auto-exploring this place as a percentage of non-inter-level travel turns spent in this place.
 F = Non-inter-level travel turns spent in this place divided by the number of levels of this place that you've seen.
                   A       B       C       D       E      F
               +-------+-------+-------+-------+-------+----------------------
         Total | 100.0 | 100.0 |   0.7 |   1.7 |  13.7 | 172.3
       Dungeon |  78.6 |  78.6 |   0.7 |   1.7 |  14.1 | 184.6
        Temple |   0.8 |   0.8 |   4.5 |   0.0 |  47.6 |  21.0
          Lair |  20.5 |  20.6 |   0.4 |   1.9 |  10.5 | 177.3
               +-------+-------+-------+-------+-------+----------------------

Table legend:
 A = Kills in this place as a percentage of kills in entire the game.
 B = Kills by you in this place as a percentage of kills by you in the entire game.
 C = Kills by friends in this place as a percentage of kills by friends in the entire game.
 D = Other kills in this place as a percentage of other kills in the entire game.
 E = Experience gained in this place as a percentage of experience gained in the entire game.
 F = Experience gained in this place divided by the number of levels of this place that you have seen.
                   A       B       C       D       E      F
               +-------+-------+-------+-------+-------+----------------------
         Total | 100.0 | 100.0 | 100.0 | 100.0 | 100.0 | 1670.5
       Dungeon |  75.0 |  75.9 |  33.3 |   0.0 |  47.3 | 1077.1
          Lair |  25.0 |  24.1 |  66.7 | 100.0 |  52.7 | 4403.3
               +-------+-------+-------+-------+-------+----------------------
